 Dungeon Crawl Stone Soup version 0.18-a0-1405-g73f4075 (webtiles) character file.

224 namelastname112 the Chopper (level 5, -3/46 HPs)
             Began as a Draconian Gladiator on Feb 25, 2016.
             Slain by an adder (4 damage)
             ... on level 3 of the Dungeon.
             The game lasted 00:02:47 (2239 turns).

namelastname112 the Chopper (Draconian Gladiator)   Turns: 2239, Time: 00:02:47

Health: -3/46      AC:  7    Str: 15 (17) XL:     5   Next: 67%
Magic:  5/5        EV: 13    Int:  7 (9)  God:
Gold:   110        SH:  0    Dex: 12      Spells: 0 memorised, 4 levels left

rFire  . . .     SeeInvis .     o - +0 dagger (venom)
rCold  . . .     Gourm    .     (armour unavailable)
rNeg   . . .     Faith    .     (no shield)
rPois  .         Spirit   .     b - +0 hat
rElec  .         Dismiss  .     q - +1 cloak
rCorr  .         Reflect  .     (no gloves)
SustAt .         Harm     .     (no boots)
MR     .....                    (no amulet)
Stlth  +.........               (no ring)
                                c - ring of flight

@: lethally poisoned (-3 -> -4), not resistant to hostile enchantments, very
unstealthy
A: unfitting armour, cold-blooded, AC +5
a: Evoke Flight


You were on level 3 of the Dungeon.
You were hungry.

You visited 1 branch of the dungeon, and saw 3 of its levels.

You collected 110 gold pieces.

Inventory:

Hand Weapons
 a - a +0 war axe
 o - a +0 dagger of venom (weapon)
Armour
 b - a +0 hat (worn)
 q - a +1 cloak (worn)
Jewellery
 c - a ring of flight (left hand)
Scrolls
 e - a scroll of magic mapping {unknown}
 g - 2 scrolls of identify {unknown}
 i - 2 scrolls of noise {unknown}
 j - a scroll of teleportation {unknown}
 m - a scroll of remove curse {unknown}
 p - a scroll of fog {unknown}
Potions
 f - a potion of degeneration
 h - a potion of haste
Comestibles
 d - a bread ration
 l - a meat ration
 r - a royal jelly


   Skills:
 + Level 3.7 Fighting
 * Level 5.0 Axes
 - Level 1.7 Throwing
 + Level 3.7 Dodging


You had 4 spell levels left.
You didn't know any spells.

Dungeon Overview and Level Annotations

Branches:
Dungeon (3/15)

Altars:
Ru

Annotations:
D:3 Grinder


Innate Abilities, Weirdness & Mutations

Your plain brown scales are hard (AC +5).
Your body does not fit into most forms of armour.
You are cold-blooded and may be slowed by cold attacks.


Message History

k - a throwing net The adder bites you.
* * * LOW HITPOINT WARNING * * *
You are lethally poisoned!
The adder poisons you! The adder barely misses you.
Grinder grins, showing sharp teeth.
Grinder misses you.
Throwing (i - inventory):
k - a throwing net (quivered)
Press: ? - help, Shift-Dir - straight line, f/p - Grinder
Aim: Grinder (severely wounded, poisoned)
You throw a throwing net. The throwing net hits Grinder.
Grinder is caught in the net!
Grinder is severely wounded.
* * * LOW HITPOINT WARNING * * *
You feel sick. The adder bites you but does no damage.
Grinder struggles against the net.
You hit Grinder.
Grinder is severely wounded.
The adder bites you.
You die...

..#####..รท.....#
.## ###......# ##
#......# # #......#
# ########..####
........#..## #####
### #...## #...#
#######..# #...#
........#### #@5.#
######.....####(S.#
#..##....#...#
#..#####.....# #..#
###...# #.># #...#
...# #.$.# .#.##
#....# .#. ####.#


You could see Grinder (caught) and an adder.

Vanquished Creatures
  The ghost of namelastname112 the Chopper, an amateur DrGl (D:3)
  Crazy Yiuf (D:2)
  Jessica (D:2)
  3 adders (D:2)
  3 dart slugs
  A worm (D:2)
  3 orcs (D:3)
  3 bats
  2 giant cockroaches
  2 goblins
  5 hobgoblins
  6 jackals
  5 kobolds
  2 quokkas
  A giant newt (D:1)
  7 rats
  A fungus (D:2)
47 creatures vanquished.

Notes
Turn   | Place    | Note
--------------------------------------------------------------
     0 | D:1      | namelastname112 the Draconian Gladiator began the quest for the Orb.
     0 | D:1      | Reached XP level 1. HP: 17/17 MP: 1/1
    67 | D:1      | Reached XP level 2. HP: 23/25 MP: 2/2
   813 | D:2      | Noticed Jessica
   819 | D:2      | Killed Jessica
   819 | D:2      | Reached XP level 3. HP: 19/30 MP: 3/3
   941 | D:2      | Reached skill level 4 in Axes
   956 | D:2      | Reached XP level 4. HP: 13/37 MP: 4/4
  1465 | D:2      | Found a sacrificial altar of Ru.
  1736 | D:2      | Noticed Crazy Yiuf
  1745 | D:2      | Killed Crazy Yiuf
  1824 | D:3      | Noticed namelastname112's ghost (amateur DrGl)
  1860 | D:3      | Killed namelastname112's ghost
  1860 | D:3      | Reached skill level 5 in Axes
  1860 | D:3      | Reached XP level 5. HP: 26/45 MP: 5/5
  2204 | D:3      | Noticed Grinder
  2217 | D:3      | Paralysed by Grinder for 2 turns
  2222 | D:3      | Paralysed by Grinder for 3 turns
  2232 | D:3      | HP: 2/46 [Grinder/nerve-wracking pain (13)]
  2237 | D:3      | HP: 2/46 [adder (1)]
  2239 | D:3      | Slain by an adder

Vault maps used:
D:1:      saegor_arrival_simple_b, serial_forest, infiniplex_forest_lined_3,
          infiniplex_forest_zigzag_2, infiniplex_forest_lined_room_2,
          infiniplex_forest_corner_1, infiniplex_forest_lined_ring
D:2:      nicolae_ru_the_path_less_chosen, uniq_crazy_yiuf_cottage, uniq_jessica
D:3:      uniq_sigmund, uniq_grinder, uniq_iyjb

Skill      XL: |  1  2  3  4 |
---------------+-------------+-----
Dodging        | 3 |  3.7
Axes           | 4 5 |  5.0
Fighting       | 3 |  3.7
Throwing       | |  1.7

Action                   |  1- 3 |  4- 6 || total
-------------------------+-------+-------++-------
Melee: War axe           |    73 |       ||    73
       Dagger            |       |    89 ||    89
       Unarmed           |       |    23 ||    23
Throw: Throwing net      |       |     6 ||     6
  Use: Potion            |       |     4 ||     4
 Stab: Held in net/web   |       |     3 ||     3
  Eat: Chunk             |       |     4 ||     4
